 Dungeon Crawl Stone Soup version 0.30.0-29-ga12c61a403 (webtiles) character file.

Game seed: 16690754638010180226

105 Josd the Shooter (level 4, -1/38 HPs)
             Began as a Minotaur Hunter on June 9, 2023.
             Slain by Grinder (6 damage)
             ... on level 3 of the Dungeon.
             The game lasted 00:03:25 (1672 turns).

Josd the Shooter (Minotaur Hunter)                  Turns: 1672, Time: 00:03:25

Health: -1/38      AC:  4    Str: 16    XL:     4   Next: 54%
Magic:  3/3        EV:  6    Int:  6    God:
Gold:   107        SH:  0    Dex: 15    Spells: 3/3 levels left

rFire   . . .        h - +3 shortbow (elec)
rCold   . . .        (shield currently unavailable)
rNeg    . . .        c - +1 leather armour
rPois   .            (helmet restricted)
rElec   .            (no cloak)
rCorr   .            (no gloves)
SInv    .            (no boots)
Will    .....        (no amulet)
Stlth   ++           (no ring)
HPRegen 0.26/turn    (no ring)
MPRegen 0.08/turn

%: no passive effects
@: about to teleport, held
A: horns 2, retaliatory headbutt
a: no special abilities


You were on level 3 of the Dungeon.
You visited 1 branch of the dungeon, and saw 3 of its levels.

You collected 107 gold pieces.

Inventory:

Hand Weapons
 a - a +0 shortbow
 h - a +3 shortbow of electrocution (weapon)
Armour
 c - a +1 leather armour (worn)
Jewellery
 j - an amulet of faith
Scrolls
 b - a scroll of immolation
 g - a scroll of silence {unknown}
 i - 2 scrolls of vulnerability
 n - 2 scrolls of enchant weapon {unknown}
Potions
 d - a potion of flight {unknown}
 e - 2 potions of mutation {unknown}
 f - 2 potions of curing {unknown}
 k - a potion of berserk rage {unknown}
 l - a potion of might {unknown}
 m - a potion of lignification {unknown}
 o - a potion of cancellation {unknown}
 p - 2 potions of attraction {unknown}


   Skills:
 + Level 3.1 Fighting
 + Level 6.0 Ranged Weapons
 + Level 1.3 Armour
 + Level 2.3 Dodging
 + Level 1.1 Stealth


You had 3 spell levels left.
You didn't know any spells.
Your spell library was empty.

Dungeon Overview and Level Annotations

Branches:
Dungeon (3/15)

Altars:

Shops:
D:2 =

Annotations:
D:3 1 runed translucent door, Grinder; alignant's ghost, amateur MiBe


Innate Abilities, Weirdness & Mutations

You have a pair of horns on your head.
You reflexively headbutt those who attack you in melee.


Message History

You shoot an arrow. The arrow hits Grinder.
Lightning courses through Grinder!
Grinder is heavily wounded.
A gnoll comes into view. It is wielding a +0 club.
Grinder drinks a potion.
Grinder flickers and vanishes!
Deactivating autopickup; reactivate with Ctrl-A.
You shoot an arrow. The gnoll shouts!
The arrow hits the gnoll.
The gnoll is moderately wounded.
You hear a shout!
A gnoll comes into view. It is wielding a +0 halberd.
You shoot an arrow. The gnoll shouts!
The arrow hits the gnoll but does no damage.
The gnoll is moderately wounded.
A gnoll comes into view. It is wielding a +0 whip.
Something hits you!
You writhe in agony.
You shoot an arrow. The arrow barely misses the gnoll.
The arrow hits the gnoll!
Lightning courses through the gnoll!!
You kill the gnoll!
A quokka comes into view.
Something hits you.
You writhe in agony.
Your Ranged Weapons skill increases to level 6!
You shoot an arrow. The arrow completely misses the gnoll.
The bullfrog releases a deep croak.
Pain shoots through your body!
* * * LOW HITPOINT WARNING * * *
Something hits you but does no damage.
The gnoll throws a throwing net.
The throwing net hits you.
You become entangled in the net!
You see here a throwing net.
You cannot shoot with your shortbow while held in a net.
As you read the scroll labelled ITAOMUDEAC, it crumbles to dust.
You feel strangely unstable.
It was a scroll of teleportation.
Something hits you but does no damage.
You struggle against the net.
Something hits you.
* * * LOW HITPOINT WARNING * * *
You writhe in agony.
* * * LOW HITPOINT WARNING * * *
You struggle against the net.
Something hits you.
You die...

...........#
..........# #.........#
#..)).....# .........#
.. .(. .ggr... ... ..
## #g########.## #. ...
#.+FSW~$~#..#####. ....
#@########........
.....#..+#+##..........
#........'..........
#.......<#..........
#...!....#..........
#........####'#####.
+..........####.### #.
######............# #.
#..........#.# #.


You could see a bullfrog, alignant's ghost, 3 gnolls, an adder and a quokka.

Vanquished Creatures
  Terence (D:2)
  A gnoll (D:3)
  An adder (D:2)
  A worm (D:2)
  A dart slug (D:1)
  An orc (D:2)
  5 endoplasms
  A giant cockroach (D:1)
  4 goblins
  4 hobgoblins
  4 jackals (D:1)
  6 kobolds
  8 ball pythons
  7 bats
  4 frilled lizards
  4 rats
53 creatures vanquished.

Notes
Turn   | Place    | Note
-------+----------+-------------------------------------------
     0 | D:1      | Josd the Minotaur Hunter began the quest for the Orb.
     0 | D:1      | Reached XP level 1. HP: 18/18 MP: 0/0
    66 | D:1      | Reached skill level 1 in Stealth
    87 | D:1      | Reached XP level 2. HP: 25/25 MP: 1/1
   215 | D:1      | Reached skill level 5 in Ranged Weapons
   622 | D:2      | Reached XP level 3. HP: 30/30 MP: 2/2
   662 | D:2      | Identified a scroll of acquirement
   662 | D:2      | Acquired a +3 shortbow of electrocution
   734 | D:2      | Found Rykivut's Jewellery Boutique.
   814 | D:2      | Reached skill level 1 in Armour
   930 | D:2      | Noticed Terence
   933 | D:2      | Killed Terence
   934 | D:2      | Reached XP level 4. HP: 38/38 MP: 3/3
  1653 | D:3      | Found a runed translucent door.
  1656 | D:3      | Noticed a bullfrog
  1660 | D:3      | Noticed alignant's ghost (amateur MiBe)
  1660 | D:3      | Noticed Grinder
  1668 | D:3      | Reached skill level 6 in Ranged Weapons
  1672 | D:3      | Slain by Grinder

Illustrated notes

Levels and vault maps discovered:
D:1:      arrival_zaba_pyramid, layout_rooms, corexii_hall_statues_i,
          minmay_tiny_reverse_x
D:2:      layout_loops_ring, serial_shops, nicolae_shop_trees, uniq_terence
D:3:      layout_basic, ashenzari_altar_1, ebering_ghost_sewer_d,
          chequers_serial_rivers_marsh, uniq_sigmund, uniq_ijyb, uniq_grinder

Skill      XL: |  1  2  3  4 |
---------------+-------------+-----
Stealth        | 1 |  1.1
Ranged Weapons | 5 6 |  6.0
Armour         | 1 |  1.3
Fighting       | 3 |  3.1
Dodging        | |  2.3

Action                     |  1- 3 |  4- 6 || total
---------------------------+-------+-------++-------
   Fire: Shortbow          |    86 |    17 ||   103
    Use: Scroll            |     4 |     1 ||     5
 Armour: Leather armour    |     8 |     2 ||    10
  Dodge: Dodged            |    25 |       ||    25
